 Seeded DCSS version 0.27-a0-1200-g94dc6ad4cf (webtiles) character file.

Game seed: 20210530 (custom seed)

97 Snicker the Sneak (level 4, -4/34 HPs)
             Began as a Demonspawn Brigand on May 30, 2021.
             Slain by a hound (5 damage)
             ... on level 3 of the Dungeon.
             The game lasted 00:10:16 (3463 turns).

Snicker the Sneak (Demonspawn Brigand)              Turns: 3463, Time: 00:10:17

Health: -4/34      AC:  3    Str: 11    XL:     4   Next: 42%
Magic:  4/4        EV: 12    Int: 12    God:
Gold:   94         SH:  0    Dex: 16    Spells: 3/3 levels left

rFire    . . .     SeeInvis .   a - +2 dagger (venom)
rCold    . . .     Faith    .   (no shield)
rNeg     . . .     Spirit   .   b - +0 robe
rPois    .         Reflect  .   (helmet restricted)
rElec    .         Harm     .   g - scarf {repulsion}
rCorr    .         Rampage  .   (no gloves)
Will     .....                  o - +0 pair of boots
Stlth    +++.......             (no amulet)
HPRegen  0.11/turn              (no ring)
MPRegen  0.09/turn              (no ring)

@: flying, repel missiles
A: horns 1
a: no special abilities


You were on level 3 of the Dungeon.
You visited 1 branch of the dungeon, and saw 4 of its levels.

You collected 94 gold pieces.

Inventory:

Hand Weapons
 a - a +2 dagger of venom (weapon)
 m - a +2 dagger
Missiles
 d - 25 poisoned darts (quivered)
 e - 2 curare-tipped darts
Armour
 b - a +0 robe (worn)
 c - a +0 cloak
 g - a scarf of repulsion (worn)
 o - a +0 pair of boots (worn)
Scrolls
 f - a scroll of brand weapon {unknown}
 h - a scroll of enchant weapon {unknown}
 i - 2 scrolls of identify {unknown}
 j - 3 scrolls of enchant armour {unknown}
 l - 3 scrolls of silence {unknown}
 n - a scroll of noise {unknown}
Potions
 k - a potion of flight
 p - a potion of degeneration {unknown}


   Skills:
 + Level 2.3 Fighting
 * Level 2.4 Short Blades
 + Level 1.8 Throwing
 + Level 1.3 Dodging
 * Level 5.0 Stealth


You had 3 spell levels left.
You didn't know any spells.
Your spell library was empty.

Dungeon Overview and Level Annotations

Branches:
Dungeon (4/15)
 Temple: D:4-7

Altars:
Trog
Wu Jian

Shops:
D:3 =

Annotations:
D:3 1 runed translucent door, Crazy Yiuf


Innate Abilities, Weirdness & Mutations

You have a pair of small horns on your head.


Message History

The hound bites you but does no damage.
You hit the hound.
The hound is poisoned.
The hound is lightly wounded.
The hound bites you but does no damage. The hound bites you but does no damage.
The hound barely misses you. The jackal bites you.
The iguana hisses angrily.
You hit the jackal.
The jackal is poisoned.
The jackal is lightly wounded.
The hound barely misses you. The jackal completely misses you.
You hit the jackal but do no damage.
The jackal looks as sick as possible!
Your headbutt misses the jackal.
The jackal is lightly wounded.
The hound completely misses you. The jackal closely misses you.
The gnoll barely misses you. The hound bites you.
The jackal barks!
You hit the jackal but do no damage.
The jackal looks as sick as possible!
The jackal is heavily wounded.
The jackal barely misses you. The hound bites you.
The gnoll hits you from afar with a +0 halberd.
You hit the jackal.
You kill the jackal!
The hound bites you.
The gnoll hits you from afar with a +0 halberd.
* * * LOW HITPOINT WARNING * * *
Your Stealth skill increases to level 5!
Unknown command.
Okay, then.
Unknown command.
You aren't carrying any items that you can evoke.
Unknown command.
Okay, then.
Unknown command.
It was a potion of flight.
You feel very buoyant.
You fly up into the air.
The hound barely misses you.
The gnoll hits you from afar with a +0 halberd!
* * * LOW HITPOINT WARNING * * *
The hound bites you.
You die...

#####++++#############
.....................# g
≈≈≈≈≈....≈≈≈≈≈≈≈≈≈≈≈≈####
≈≈≈≈≈...h≈≈≈≈≈≈≈≈≈≈≈≈≈≈≈≈
≈≈≈≈≈..$.≈≈≈≈≈≈≈≈≈≈≈≈≈≈≈≈
.l.....ghg...†..........$
.....#.######)###.######
#...>...l†@hhh# #.# #
......####g.###.########
#...... #.............#
#...... ...####.######..
#.##.h.).. ##### #.#
.......... #.# #.# #.#
#.# #.# #.# #.#


You could see an iguana, a hound (poisoned), a gnoll and 2 jackals.

Vanquished Creatures
  Robin (D:3)
  A gnoll (D:3)
  2 dart slugs
  2 orcs (D:3)
  9 endoplasms
  2 giant cockroaches (D:3)
  8 goblins
  9 hobgoblins
  7 jackals
  3 kobolds
  A quokka (D:1)
  2 ball pythons
  8 bats
  4 frilled lizards
  2 rats (D:1)
61 creatures vanquished.

Vanquished Creatures (others)
  A fungus (D:3)
1 creature vanquished.

Grand Total: 62 creatures vanquished

Notes
Turn   | Place    | Note
-------+----------+-------------------------------------------
     0 | D:1      | Snicker the Demonspawn Brigand began the quest for the Orb.
     0 | D:1      | Reached XP level 1. HP: 16/16 MP: 1/1
   363 | D:1      | Reached skill level 4 in Stealth
   397 | D:1      | Gained mutation: You have a pair of small horns on your
                  | head. [demonic ancestry]
   397 | D:1      | Reached XP level 2. HP: 22/22 MP: 2/2
   643 | D:1      | You fall into a shaft and drop 1 floor!
  1354 | D:2      | Found a faded altar of an unknown god.
  1621 | D:2      | Reached skill level 1 in Dodging
  1630 | D:2      | Reached XP level 3. HP: 22/27 MP: 3/3
  2174 | D:3      | Noticed Robin
  2191 | D:3      | Killed Robin
  2610 | D:3      | Found Doerargh's Jewellery Shop.
  2649 | D:3      | Found an ornate altar of the Wu Jian Council.
  2731 | D:3      | Found a runed translucent door.
  2732 | D:3      | Noticed Crazy Yiuf
  2808 | D:3      | Reached XP level 4. HP: 32/33 MP: 4/4
  3042 | D:3      | Found a bloodstained altar of Trog.
  3115 | D:4      | Noticed a scorpion
  3463 | D:3      | Reached skill level 5 in Stealth
  3463 | D:3      | HP: 1/34 [gnoll/+0 halberd (9)]
  3463 | D:3      | Slain by a hound

Illustrated notes

Levels and vault maps discovered:
D:1:      minmay_arrival_doors, layout_loops_ring, minmay_misc_feat_pillars
D:2:      layout_basic, shapermc_ecumenical_altar_flowoftime,
          due_unseen_surprise
D:3:      lemuel_castle_with_subvaults [lemuel_castle_interior_carwin_2],
          layout_loops_ring, old_standard_altar, nicolae_wu_jian_wuxing_cycle,
          serial_shops, shop, uniq_crazy_yiuf_cottage, uniq_sigmund, uniq_robin
D:4:      layout_basic, nicolae_overflow_hidden_temple, temple_hall,
          nicolae_ossuary_entry_monument

Skill      XL: |  1  2  3  4 |
---------------+-------------+-----
Stealth        | 4 5 |  5.0
Dodging        | 1 |  1.3
Short Blades   | 2 |  2.4
Fighting       | |  2.3
Throwing       | |  1.8

Action                   |  1- 3 |  4- 6 || total
-------------------------+-------+-------++-------
Melee: Dagger            |   104 |    53 ||   157
       Headbutt          |    14 |     3 ||    17
Throw: Dart              |     3 |       ||     3
  Use: Scroll            |       |     1 ||     1
       Potion            |       |     1 ||     1
 Stab: Sleeping          |    11 |     2 ||    13
Armor: Robe              |    31 |    17 ||    48
Dodge: Dodged            |    66 |    32 ||    98
       Repelled          |     1 |       ||     1

Table legend: (Time is in decaauts)
 A = Elapsed time spent in this place.
 B = Non-inter-level travel time spent in this place.
 C = Inter-level travel time spent in this place.
 D = Time resting spent in this place.
 E = Time spent auto-exploring this place.
 F = Levels seen in this place.
 G = Mean time per level.
                   A        B        C        D        E       F      G
               +--------+--------+--------+--------+--------+-----+--------+
         Total |   3447 |   3325 |    122 |    560 |   2220 |   4 |  861.8 |
       Dungeon |   3447 |   3325 |    122 |    560 |   2220 |   4 |  861.8 |
               +--------+--------+--------+--------+--------+-----+--------+

Top non-repeatable levels by time:
     D:2: 1314 daAuts
     D:1: 1190 daAuts
     D:3: 892 daAuts
     D:4: 50 daAuts
